[Event "ICC tourney 2259 (45 10)"]
[Site "Internet Chess Club"]
[Date "2020.12.30"]
[Round "5"]
[White "kooler2"]
[Black "SkyAngel"]
[Result "1-0"]
[ICCResult "Black resigns"]
[WhiteElo "2038"]
[BlackElo "2185"]
[Opening "QGA: 3.e4"]
[ECO "D20"]
[NIC "QG.04"]
[Time "21:01:57"]
[PlyCount "45"]
[TimeControl "2700+10"]

1. d4 d5 2. c4 dxc4 3. e4 Nc6 4. Nf3 Bg4 5. Be3 e6 6. Bxc4 Qf6 7. Nbd2
O-O-O 8. h3 Bxf3 9. Nxf3 Bb4+ 10. Kf1 Qg6 11. Bd3 Be7 12. a3 f5 13. Qc2 Kb8
14. b4 Nf6 15. exf5 exf5 16. b5 Na5 17. Bd2 b6 18. Bxa5 bxa5 19. Ne5 Qe8
20. Nc6+ Ka8 21. Re1 Rd7 22. Bxf5 Nd5 23. Be4 { Black resigns } 1-0

[Event "ICC tourney 2259 (45 10)"]
[Site "Internet Chess Club"]
[Date "2020.12.30"]
[Round "5"]
[White "juicysnail"]
[Black "StayCalm"]
[Result "1-0"]
[ICCResult "Black resigns"]
[WhiteElo "2247"]
[BlackElo "2170"]
[Opening "Queen's pawn: London system"]
[ECO "A45"]
[NIC "QP.07"]
[Time "21:02:45"]
[PlyCount "57"]
[TimeControl "2700+10"]

1. d4 Nf6 2. Bf4 g6 3. Nc3 d5 4. e3 Bg7 5. h4 h5 6. Be2 a6 7. Nf3 c5 8. Ne5
cxd4 9. exd4 Nc6 10. Qd2 O-O 11. O-O-O Ne4 12. Nxe4 dxe4 13. Qe3 Nxe5 14.
dxe5 Qa5 15. Bc4 Bf5 16. Rd5 b5 17. Bb3 Rac8 18. Bh6 Bxh6 19. Qxh6 Be6 20.
g4 Bxd5 21. Bxd5 Qb6 22. gxh5 Qxf2 23. Qxg6+ Kh8 24. Qh6+ Kg8 25. c3 e6 26.
Bxe4 f5 27. Qxe6+ Kh8 28. Qh6+ Kg8 29. Bd5+ { Black resigns } 1-0

[Event "ICC tourney 2259 (45 10)"]
[Site "Internet Chess Club"]
[Date "2020.12.30"]
[Round "5"]
[White "GeorgeDai"]
[Black "chessw23"]
[Result "1/2-1/2"]
[ICCResult "Game drawn by mutual agreement"]
[WhiteElo "2060"]
[BlackElo "1961"]
[Opening "QGD: exchange, positional line"]
[ECO "D35"]
[NIC "QO.16"]
[Time "21:01:51"]
[PlyCount "57"]
[TimeControl "2700+10"]

1. d4 d5 2. c4 e6 3. Nc3 Nf6 4. cxd5 exd5 5. Bg5 Be7 6. e3 h6 7. Bh4 c6 8.
Bd3 O-O 9. Qc2 b6 10. Nge2 Bb7 11. O-O Re8 12. f3 c5 13. Bf2 a6 14. Bf5 Nc6
15. Rad1 cxd4 16. Nxd4 Nxd4 17. Rxd4 Bc5 18. Rd3 Re5 19. e4 Bxf2+ 20. Qxf2
Qc7 21. Rfd1 dxe4 22. fxe4 Bxe4 23. Bxe4 Nxe4 24. Nxe4 Rxe4 25. Rd7 Qc5 26.
Rxf7 Qxf2+ 27. Rxf2 Rae8 28. Rd6 R8e6 29. Rfd2 { Game drawn by mutual
agreement } 1/2-1/2

[Event "ICC tourney 2259 (45 10)"]
[Site "Internet Chess Club"]
[Date "2020.12.30"]
[Round "5"]
[White "trandaferrari"]
[Black "Pifischer"]
[Result "1-0"]
[ICCResult "Black resigns"]
[WhiteElo "1983"]
[BlackElo "1976"]
[Opening "Scotch: Schmidt variation"]
[ECO "C45"]
[NIC "SO.04"]
[Time "21:01:49"]
[PlyCount "71"]
[TimeControl "2700+10"]

1. e4 e5 2. Nf3 Nc6 3. d4 exd4 4. Nxd4 Nf6 5. Nxc6 bxc6 6. Bd3 d5 7. exd5
cxd5 8. O-O Be7 9. c4 c6 10. Nc3 d4 11. Ne4 O-O 12. Bf4 Be6 13. b3 h6 14.
Re1 Qd7 15. Qf3 Bf5 16. Nxf6+ Bxf6 17. Bd6 Rfd8 18. Bc7 Be6 19. Bxd8 Rxd8
20. b4 Be7 21. a3 g6 22. h3 Kg7 23. Rad1 Bf6 24. a4 Rb8 25. b5 c5 26. a5
Rc8 27. b6 axb6 28. axb6 Rb8 29. Rb1 Qd6 30. b7 Bd8 31. Ra1 Bc7 32. Ra8 f5
33. Rea1 Kf6 34. g3 Kg7 35. R1a6 Qd7 36. Qc6 { Black resigns } 1-0

[Event "ICC tourney 2259 (45 10)"]
[Site "Internet Chess Club"]
[Date "2020.12.30"]
[Round "5"]
[White "Drachekokosnuss"]
[Black "nreiner"]
[Result "0-1"]
[ICCResult "White resigns"]
[WhiteElo "2100"]
[BlackElo "2005"]
[Opening "Ruy Lopez: classical (Cordel) defense"]
[ECO "C64"]
[NIC "RL.01"]
[Time "21:02:00"]
[PlyCount "90"]
[TimeControl "2700+10"]

1. e4 e5 2. Nf3 Nc6 3. Bb5 Bc5 4. Nxe5 Nf6 5. Bxc6 dxc6 6. O-O O-O 7. d3
Re8 8. Nf3 Bg4 9. Be3 Bb6 10. Bxb6 axb6 11. Nbd2 h6 12. Re1 Qd7 13. Nf1 Ra5
14. Ng3 Rea8 15. a3 b5 16. h3 Be6 17. c3 c5 18. d4 cxd4 19. cxd4 c6 20. Ne5
Qc7 21. Rc1 Qb6 22. Qd3 Ra4 23. Red1 b4 24. b3 Rxa3 25. Nc4 Bxc4 26. Qxc4
Ra2 27. f3 Rb2 28. Ra1 Raa2 29. Rxa2 Rxa2 30. Nf5 Nh5 31. Ne7+ Kf8 32. Nc8
Qc7 33. Qc5+ Kg8 34. Ne7+ Kh8 35. Nf5 Qd8 36. Nxh6 Qh4 37. Nxf7+ Kg8 38.
Qg5 Qf2+ 39. Kh2 Nf4 40. Rg1 Ne2 41. Qd8+ Kxf7 42. Qd7+ Kg6 43. Qe8+ Kg5
44. Qe5+ Kh6 45. Qe6+ g6 { White resigns } 0-1

[Event "ICC tourney 2259 (45 10)"]
[Site "Internet Chess Club"]
[Date "2020.12.30"]
[Round "5"]
[White "dopolian"]
[Black "MrNormalName"]
[Result "1-0"]
[ICCResult "Black resigns"]
[WhiteElo "2259"]
[BlackElo "2181"]
[Opening "Ruy Lopez: Berlin defense"]
[ECO "C65"]
[NIC "RL.07"]
[Time "21:02:45"]
[PlyCount "103"]
[TimeControl "2700+10"]

1. e4 e5 2. Nf3 Nc6 3. Bb5 Nf6 4. d3 Bc5 5. O-O Nd4 6. Nxd4 Bxd4 7. c3 Bb6
8. Re1 c6 9. Ba4 O-O 10. Bg5 h6 11. Bh4 d6 12. Nd2 Be6 13. Nf1 Re8 14. Ne3
Qe7 15. Qf3 Rad8 16. a3 Bc7 17. d4 Bc8 18. d5 b5 19. Bb3 c5 20. a4 b4 21.
cxb4 cxb4 22. a5 g5 23. Bg3 g4 24. Qe2 Nxe4 25. Nxg4 f5 26. Nxh6+ Kh7 27.
Nxf5 Qg5 28. Bh4 Qxf5 29. Bxd8 Bxd8 30. Qxe4 Qxe4 31. Rxe4 Bf5 32. Rxb4 Bf6
33. Rb7+ Kg6 34. Rxa7 e4 35. Ba4 Rb8 36. Bd7 Rxb2 37. Bxf5+ Kxf5 38. Rf7
Kg6 39. Rxf6+ Kxf6 40. a6 Rb8 41. a7 Ra8 42. h4 Ke5 43. Ra5 Kf4 44. g3+ Kf3
45. Ra3+ Ke2 46. h5 Kd2 47. h6 e3 48. fxe3 Rxa7 49. Rxa7 Kxe3 50. h7 Ke4
51. h8=Q Kxd5 52. Rd7 { Black resigns } 1-0

[Event "ICC tourney 2259 (45 10)"]
[Site "Internet Chess Club"]
[Date "2020.12.30"]
[Round "5"]
[White "erickzhao"]
[Black "YKQ"]
[Result "1-0"]
[ICCResult "Black resigns"]
[WhiteElo "2296"]
[BlackElo "2550"]
[Opening "Caro-Kann: advance variation"]
[ECO "B12"]
[NIC "CK.04"]
[Time "21:02:30"]
[PlyCount "79"]
[TimeControl "2700+10"]

1. e4 c6 2. d4 d5 3. e5 Bf5 4. h4 h5 5. Bg5 Qb6 6. Bd3 Bxd3 7. Qxd3 Qxb2 8.
e6 Qxa1 9. Qb3 Qxd4 10. Be3 Qg4 11. Qxb7 fxe6 12. Qxa8 Qb4+ 13. Nd2 Nf6 14.
Nf3 Kf7 15. Ne5+ Kg8 16. Nd3 Qb5 17. a4 Qxa4 18. Qxb8 d4 19. Bf4 Qxc2 20.
Qb3 Qxb3 21. Nxb3 Nd5 22. Be5 Rh6 23. Nxd4 Rg6 24. g3 a5 25. Nxc6 Rg4 26.
Nxa5 Ra4 27. Nb3 g6 28. O-O Bg7 29. Bxg7 Kxg7 30. Nbc5 Ra3 31. Nxe6+ Kf6
32. Ndc5 Ra2 33. Re1 Rc2 34. Nd7+ Kf7 35. Ng5+ Kg7 36. Re6 Nf6 37. Rxe7+
Kh6 38. Nf7+ Kg7 39. Nfe5+ Kh6 40. Nxf6 { Black resigns } 1-0

[Event "ICC tourney 2259 (45 10)"]
[Site "Internet Chess Club"]
[Date "2020.12.30"]
[Round "5"]
[White "Gukesh"]
[Black "Aleksandrov73"]
[Result "1-0"]
[ICCResult "Black resigns"]
[WhiteElo "2642"]
[BlackElo "2629"]
[Opening "Queen's bishop game"]
[ECO "D02"]
[NIC "QP.06"]
[Time "21:01:53"]
[PlyCount "79"]
[TimeControl "2700+10"]

1. d4 Nf6 2. Nf3 d5 3. Bf4 e6 4. e3 Bd6 5. Nbd2 Bxf4 6. exf4 c5 7. dxc5 Qc7
8. g3 Qxc5 9. Bd3 Qb4 10. Rb1 Nbd7 11. c3 Qd6 12. Nb3 Nc5 13. Nxc5 Qxc5 14.
O-O O-O 15. Qe2 Bd7 16. Nd4 Ne8 17. Rfe1 Nc7 18. Qh5 g6 19. Qh6 Rfe8 20.
Re3 Qf8 21. Qh4 Qe7 22. Qh6 Qf8 23. Qh3 Re7 24. Qh4 Rae8 25. Rbe1 f6 26. c4
Qg7 27. cxd5 exd5 28. Rxe7 Rxe7 29. Rc1 Ne6 30. f5 Ng5 31. Kg2 Nf7 32. Ne6
Bxe6 33. fxe6 Nd8 34. Rc8 Re8 35. Qb4 Qf8 36. e7 Rxe7 37. Qd6 Re8 38. Qd7
a6 39. Bc2 Qf7 40. Rxd8 { Black resigns } 1-0

[Event "ICC tourney 2259 (45 10)"]
[Site "Internet Chess Club"]
[Date "2020.12.30"]
[Round "5"]
[White "marble"]
[Black "manest"]
[Result "1-0"]
[ICCResult "Black resigns"]
[WhiteElo "2537"]
[BlackElo "2709"]
[Opening "Sicilian: accelerated fianchetto, Gurgenidze variation"]
[ECO "B36"]
[NIC "SI.33"]
[Time "21:01:52"]
[PlyCount "125"]
[TimeControl "2700+10"]

1. e4 c5 2. Nf3 g6 3. d4 cxd4 4. Nxd4 Nc6 5. c4 Nf6 6. Nc3 Nxd4 7. Qxd4 d6
8. Be2 Bg7 9. Bg5 O-O 10. Qd2 Be6 11. Rc1 Qa5 12. f3 Rac8 13. b3 a6 14. h4
h5 15. Nd5 Qxd2+ 16. Kxd2 Bxd5 17. cxd5 Kh7 18. Bd3 Bh6 19. Ke2 Kg7 20. a4
a5 21. Bxh6+ Kxh6 22. Bb5 Kg7 23. Ke3 Rfd8 24. Kd4 Kf8 25. Rc4 Rxc4+ 26.
bxc4 e5+ 27. dxe6 fxe6 28. e5 dxe5+ 29. Kxe5 Ke7 30. Re1 Rd2 31. g3 Kf7 32.
Kf4 Rd4+ 33. Ke5 Rd3 34. Kf4 Rc3 35. Rd1 Ke7 36. Re1 b6 37. Re2 Nh7 38. Re3
Rc1 39. Rd3 Nf8 40. g4 Rh1 41. Kg5 Rg1 42. Kf4 Rg2 43. Rd1 Rf2 44. Kg3 Rc2
45. Kf4 Rc3 46. Rf1 Kf6 47. g5+ Ke7 48. Rd1 Rb3 49. Rd2 Rb1 50. Rd3 Re1 51.
Kg3 e5 52. Rd5 Ne6 53. Rd7+ Kf8 54. Rd6 Nf4 55. Kf2 Rh1 56. Rxb6 Rxh4 57.
c5 Rh2+ 58. Kf1 Rc2 59. Rb8+ Kf7 60. Rb7+ Ke6 61. Rb6+ Kd5 62. Rd6+ Kxc5
63. Rc6+ { Black resigns } 1-0

[Event "ICC tourney 2259 (45 10)"]
[Site "Internet Chess Club"]
[Date "2020.12.30"]
[Round "5"]
[White "kurumania"]
[Black "KRASAVCHIK"]
[Result "1/2-1/2"]
[ICCResult "Game drawn by repetition"]
[WhiteElo "2514"]
[BlackElo "2648"]
[Opening "Grünfeld: exchange variation"]
[ECO "D85"]
[NIC "GI.04"]
[Time "21:02:35"]
[PlyCount "99"]
[TimeControl "2700+10"]

1. d4 Nf6 2. c4 g6 3. Nc3 d5 4. cxd5 Nxd5 5. e4 Nxc3 6. bxc3 Bg7 7. Bb5+
Nd7 8. Nf3 O-O 9. O-O c5 10. Bg5 Nf6 11. Re1 Qa5 12. Qb3 a6 13. Bf1 h6 14.
Bh4 g5 15. Bg3 Nh5 16. Be5 Nf4 17. Bxg7 Kxg7 18. a4 Ng6 19. Qb2 Qc7 20. a5
Rb8 21. d5 b5 22. axb6 Rxb6 23. Qa3 f5 24. Qa5 fxe4 25. Nd2 Bf5 26. Nxe4
Bxe4 27. Rxe4 Rf5 28. c4 Re5 29. Rae1 Rxe4 30. Rxe4 Rc6 31. Qe1 Rf6 32. g3
a5 33. Re3 Kf8 34. Bd3 Nh8 35. Re6 Nf7 36. Qe4 Qb7 37. Qe3 Qa7 38. Bg6 a4
39. d6 Rxe6 40. Qxe6 exd6 41. Bxf7 Qxf7 42. Qxd6+ Qe7 43. Qxh6+ Kg8 44. Qc6
Qa7 45. Qd5+ Kh7 46. Qf5+ Kh6 47. Qf6+ Kh7 48. Qf5+ Kh6 49. Qf6+ Kh7 50.
Qf5+ { Game drawn by repetition } 1/2-1/2

[Event "ICC tourney 2259 (45 10)"]
[Site "Internet Chess Club"]
[Date "2020.12.30"]
[Round "5"]
[White "woochess"]
[Black "MiamiDude"]
[Result "1/2-1/2"]
[ICCResult "Game drawn because neither player has mating material"]
[WhiteElo "2595"]
[BlackElo "2415"]
[Opening "Ruy Lopez: Morphy defense"]
[ECO "C77"]
[NIC "RL.12"]
[Time "21:02:45"]
[PlyCount "133"]
[TimeControl "2700+10"]

1. e4 e5 2. Nf3 Nc6 3. Bb5 a6 4. Ba4 Nf6 5. d4 exd4 6. O-O Be7 7. e5 Ne4 8.
Nxd4 O-O 9. Re1 Nxd4 10. Rxe4 c5 11. c3 Ne6 12. c4 d6 13. exd6 Qxd6 14. Nc3
Qxd1+ 15. Bxd1 Bd7 16. Nd5 Bd6 17. Nb6 Bc6 18. Rxe6 fxe6 19. Nxa8 Rxa8 20.
Be3 Kf7 21. Bg4 b5 22. Rc1 bxc4 23. Rxc4 Bd5 24. Ra4 Rb8 25. b3 c4 26. Rxa6
cxb3 27. axb3 Rxb3 28. Ra7+ Kf6 29. Ra1 Be5 30. Re1 Be4 31. g3 Rb1 32. Bc1
Bf5 33. Bxf5 Kxf5 34. Kg2 h5 35. Bd2 Rxe1 36. Bxe1 g5 37. Bd2 g4 38. f3 Bd4
39. h3 gxf3+ 40. Kxf3 e5 41. g4+ hxg4+ 42. hxg4+ Kg6 43. Ke4 Bb2 44. Kd5
Bd4 45. Ke6 Bb2 46. Be3 Bd4 47. Bc1 Bc3 48. Kd5 Bd4 49. Kc4 Ba1 50. Kd3 Bd4
51. Bd2 Bb2 52. Kc4 Bd4 53. Bc1 Ba1 54. Kc5 Bd4+ 55. Kc6 Bc3 56. Kd6 Bd4
57. Ke6 Bc3 58. Ba3 Kg5 59. Kd5 Kxg4 60. Ke4 Kg5 61. Bd6 Kf6 62. Kd5 Bb4
63. Bc7 Bc3 64. Kc4 Bd4 65. Bd6 Kf5 66. Kd5 Bb2 67. Bxe5 { Game drawn
because neither player has mating material } 1/2-1/2

[Event "ICC tourney 2259 (45 10)"]
[Site "Internet Chess Club"]
[Date "2020.12.30"]
[Round "5"]
[White "TjkTiger"]
[Black "Volkov"]
[Result "1-0"]
[ICCResult "Black forfeits on time"]
[WhiteElo "2602"]
[BlackElo "2607"]
[Opening "English: Caro-Kann defensive system"]
[ECO "A11"]
[NIC "EO.64"]
[Time "21:02:45"]
[PlyCount "89"]
[TimeControl "2700+10"]

1. c4 c6 2. Nc3 d5 3. d4 Nf6 4. cxd5 cxd5 5. Bf4 Nc6 6. e3 Bg4 7. f3 Bd7 8.
g4 e6 9. Bd3 Rc8 10. Nge2 Nb4 11. Bb1 Be7 12. Kf2 a6 13. h4 g6 14. h5 g5
15. Be5 h6 16. Qd2 Kf8 17. Kg2 Rg8 18. Rf1 Be8 19. Kh3 Bd6 20. e4 dxe4 21.
Bxd6+ Qxd6 22. fxe4 Nxg4 23. e5 Nxe5 24. Ne4 Nc4 25. Nxd6 Nxd2 26. Rd1 Rd8
27. Nxe8 Nc4 28. Nf6 Rg7 29. Rc1 Nxb2 30. Rc7 b5 31. Be4 Nc4 32. a3 Nd5 33.
Bxd5 exd5 34. Ng3 Nd6 35. Re1 g4+ 36. Kh4 a5 37. Rc6 Ne4 38. Ngxe4 dxe4 39.
Rxe4 g3 40. Rc1 g2 41. Rce1 Rg5 42. Nh7+ Kg7 43. Nxg5 hxg5+ 44. Kxg5 Kh7
45. Rg1 { Black forfeits on time } 1-0

[Event "ICC tourney 2259 (45 10)"]
[Site "Internet Chess Club"]
[Date "2020.12.30"]
[Round "5"]
[White "jy2020"]
[Black "hoshibosh"]
[Result "1-0"]
[ICCResult "Black resigns"]
[WhiteElo "2227"]
[BlackElo "2151"]
[Opening "Sicilian: Najdorf, Opocensky variation"]
[ECO "B92"]
[NIC "SI.10"]
[Time "21:01:54"]
[PlyCount "69"]
[TimeControl "2700+10"]

1. e4 c5 2. Nf3 d6 3. d4 cxd4 4. Nxd4 Nf6 5. Nc3 a6 6. Be2 e5 7. Nf3 Be7 8.
Bg5 Be6 9. Bxf6 Bxf6 10. O-O O-O 11. Nd5 Bxd5 12. Qxd5 Qc7 13. Bc4 Nd7 14.
Bb3 Rac8 15. c3 Kh8 16. Rad1 Be7 17. Rfe1 Nc5 18. Nd2 f5 19. exf5 Rxf5 20.
Ne4 Nxe4 21. Qxe4 Rcf8 22. f3 Bd8 23. Kh1 g6 24. Qd5 R5f6 25. Re2 Qg7 26.
Bc2 Bb6 27. Be4 R8f7 28. Qc4 Qh6 29. Qc8+ Kg7 30. Bd5 Be3 31. Bxf7 Rxf7 32.
Qg4 d5 33. Rxd5 Bd4 34. Qg3 Qc1+ 35. Qe1 { Black resigns } 1-0

[Event "ICC tourney 2259 (45 10)"]
[Site "Internet Chess Club"]
[Date "2020.12.30"]
[Round "5"]
[White "RG2017"]
[Black "KnightHawk8"]
[Result "1-0"]
[ICCResult "Black resigns"]
[WhiteElo "1989"]
[BlackElo "2014"]
[Opening "QGD: semi-Slav"]
[ECO "D31"]
[NIC "SL.06"]
[Time "21:02:04"]
[PlyCount "93"]
[TimeControl "2700+10"]

1. d4 d5 2. c4 e6 3. Nc3 c6 4. e3 Nf6 5. b3 Bd6 6. Nf3 Nbd7 7. Bd3 O-O 8.
O-O b6 9. Bb2 Bb7 10. Rc1 Rc8 11. Qe2 Qe7 12. e4 dxe4 13. Nxe4 Nxe4 14.
Bxe4 Nf6 15. Bb1 c5 16. dxc5 Rxc5 17. Rcd1 Rh5 18. h3 Bb8 19. Ne5 Rg5 20.
g4 Qc5 21. Bd4 Qc7 22. f4 Rxe5 23. Bxe5 Qc6 24. Kh2 Bxe5 25. fxe5 Nd7 26.
Rd6 Qc7 27. Qd3 g6 28. Rxd7 Qc6 29. Rg1 f5 30. gxf5 Qc5 31. Qd4 Qxd4 32.
Rxd4 exf5 33. e6 Re8 34. Bxf5 Kf8 35. Rd7 Bc8 36. Rf7+ Kg8 37. Rxa7 Bxe6
38. Bxe6+ Rxe6 39. Rd1 Re2+ 40. Kg1 Re8 41. Rdd7 Re1+ 42. Kf2 Re8 43. Rg7+
Kh8 44. Rxh7+ Kg8 45. Rag7+ Kf8 46. Rh8+ Kxg7 47. Rxe8 { Black resigns }
1-0

[Event "ICC tourney 2259 (45 10)"]
[Site "Internet Chess Club"]
[Date "2020.12.30"]
[Round "5"]
[White "Markss1420"]
[Black "e4f5"]
[Result "0-1"]
[ICCResult "White resigns"]
[WhiteElo "2108"]
[BlackElo "2253"]
[Opening "Sicilian defense"]
[ECO "B20"]
[NIC "SI.48"]
[Time "21:01:56"]
[PlyCount "80"]
[TimeControl "2700+10"]

1. e4 c5 2. b3 Nc6 3. Bb2 e6 4. e5 d6 5. Bb5 Bd7 6. exd6 Nf6 7. f4 Bxd6 8.
Ne2 a6 9. Bxc6 Bxc6 10. O-O O-O 11. d3 b5 12. Nd2 Re8 13. Ng3 e5 14. fxe5
Bxe5 15. Bxe5 Rxe5 16. Nf3 Re6 17. Qd2 Bxf3 18. gxf3 Qd5 19. Qf2 Rae8 20.
Ne4 Nd7 21. Rae1 h6 22. f4 f5 23. Ng3 Nf6 24. h3 Kf7 25. a4 b4 26. Rxe6
Rxe6 27. Qf3 g6 28. Kg2 Qd4 29. Qb7+ Re7 30. Qxa6 Nd5 31. Kh2 Ne3 32. Rf3
Nxc2 33. Qc4+ Qxc4 34. dxc4 Nd4 35. Rd3 Re1 36. Kg2 Rb1 37. Kf2 Nxb3 38.
Ne2 Ke6 39. Ke3 Na5 40. Rd5 Nxc4+ { White resigns } 0-1

[Event "ICC tourney 2259 (45 10)"]
[Site "Internet Chess Club"]
[Date "2020.12.30"]
[Round "5"]
[White "vedrau"]
[Black "kunalsh"]
[Result "0-1"]
[ICCResult "White resigns"]
[WhiteElo "2042"]
[BlackElo "2054"]
[Opening "QGD: exchange, positional line"]
[ECO "D35"]
[NIC "QO.16"]
[Time "21:02:11"]
[PlyCount "72"]
[TimeControl "2700+10"]

1. d4 d5 2. c4 e6 3. Nc3 Nf6 4. cxd5 exd5 5. Bg5 Nbd7 6. e3 c6 7. Bd3 Be7
8. Qc2 Nh5 9. Bxe7 Qxe7 10. Nf3 g6 11. O-O O-O 12. Rab1 a5 13. a3 Ndf6 14.
b4 Ng7 15. Qb3 Bf5 16. Bxf5 Nxf5 17. b5 Nd6 18. Ne5 Rac8 19. bxc6 bxc6 20.
Na4 Nfe4 21. Qb2 f6 22. Nf3 Nc4 23. Qa2 Rb8 24. Rbc1 Rb7 25. Rxc4 dxc4 26.
Qxc4+ Kg7 27. Qxc6 Rfb8 28. d5 Rb1 29. Nd4 Nd2 30. h3 Rxf1+ 31. Kh2 Rxf2
32. Ne6+ Kh6 33. Kg3 Ne4+ 34. Kh2 Qd6+ 35. Nf4 Qxc6 36. dxc6 Rc2 { White
resigns } 0-1